 Dungeon Crawl Stone Soup version 0.18.1-48-g4cf74bf (webtiles) character file.

804 theaverageperson the Poker (level 7, -5/59 (60) HPs)
             Began as a White Draconian Berserker on June 29, 2016.
             Was a Priest of Trog.
             Slain by a komodo dragon (13 damage)
             ... on level 6 of the Dungeon.
             The game lasted 00:18:08 (4682 turns).

theaverageperson the Poker (DrBe)                   Turns: 4682, Time: 00:18:09

HP:   -5/59 (60)    AC:  8    Str: 21    XL:     7   Next: 60%
MP:   7/7           EV: 14    Int:  7    God:    Trog [***...]
Gold: 221           SH:  0    Dex: 11    Spells: 0 memorised, 6 levels left

rFire  . . .     SeeInvis .     a - +0 spear
rCold  + . .     Gourm    .     (armour unavailable)
rNeg   . . .     Faith    .     (no shield)
rPois  .         Spirit   .     (helmet restricted)
rElec  .         Dismiss  .     (no cloak)
rCorr  .         Reflect  .     E - +0 pair of gloves
SustAt .         Harm     .     n - +0 pair of boots
MR     .....                    (no amulet)
Stlth  +.........               (no ring)
                                (no ring)

@: not resistant to hostile enchantments, very unstealthy
A: breathe frost, unfitting armour, cold resistance 1, cold-blooded, AC +6
a: Breathe Frost, Berserk, Trog's Hand, Burn Spellbooks, Renounce Religion


You were on level 6 of the Dungeon.
You worshipped Trog.
Trog was most pleased with you.
You were not hungry.

You visited 2 branches of the dungeon, and saw 7 of its levels.

You collected 221 gold pieces.

Inventory:

Hand Weapons
 a - a +0 spear (weapon)
 j - a +0 spear
 l - a +0 falchion
 o - a +0 hand axe
 q - a +0 trident
 s - a +0 whip
 t - a +0 mace
 u - a +0 trident
 w - a +0 blowgun
 F - a +0 spear
 I - a cursed -2 trident
Missiles
 p - 5 tomahawks (quivered)
 x - 15 poisoned needles
Armour
 n - a +0 pair of boots (worn)
 E - a +0 pair of gloves (worn)
Jewellery
 y - a cursed ring of loudness {unknown}
 B - an uncursed ring of magical power {unknown}
 J - a +3 ring of dexterity {unknown}
Wands
 d - a wand of polymorph (5/24)
Scrolls
 g - 4 scrolls of remove curse {unknown}
 i - a scroll of random uselessness {unknown}
 r - 4 scrolls of identify
 z - a scroll of fog
 A - a scroll of noise {unknown}
 C - a scroll of teleportation {unknown}
 H - a scroll of fear {unknown}
Potions
 c - 2 potions of flight {unknown}
 e - 3 potions of might
 f - a potion of heal wounds {unknown}
 h - 5 potions of curing {unknown}
 k - 2 potions of berserk rage {unknown}
 m - a potion of resistance {unknown}
 v - 2 potions of agility {unknown}
 D - a potion of degeneration {unknown}
 G - a potion of lignification {unknown}
Comestibles
 b - 3 bread rations


   Skills:
 + Level 4.9 Fighting
 * Level 6.2 Polearms
 + Level 5.6 Dodging
 + Level 1.3 Stealth


You had 6 spell levels left.
You didn't know any spells.

Dungeon Overview and Level Annotations

Branches:
Dungeon (6/15)             Temple (1/1) D:5

Altars:
Ashenzari
Fedhas
Gozag
Kikubaaqudgha
Makhleb
Okawaru
Pakellas
Qazlal
Sif Muna
Trog
Vehumet
Xom
Yredelemnul
Zin
The Shining One


Innate Abilities, Weirdness & Mutations

You can breathe waves of freezing cold.
You can buffet flying creatures when you breathe cold.
Your icy white scales are hard (AC +6).
Your body does not fit into most forms of armour.
Your flesh is cold resistant.
You are cold-blooded and may be slowed by cold attacks.


Message History

Found a stone staircase leading up.
The komodo dragon hisses angrily.
The komodo dragon bites you!!
You hit the komodo dragon but do no damage.
The komodo dragon closely misses you.
You hit the komodo dragon but do no damage.
You tail-slap the komodo dragon.
The komodo dragon is lightly wounded.
You hit the komodo dragon but do no damage.
Your tail-slap misses the komodo dragon.
The komodo dragon is lightly wounded.
The komodo dragon closely misses you.
You hit the komodo dragon but do no damage.
The komodo dragon is lightly wounded.
The komodo dragon bites you!!
* * * LOW HITPOINT WARNING * * *
You hit the komodo dragon.
The komodo dragon is lightly wounded.
The komodo dragon bites you!
You die...

####### .....##
#....#
#####.#..####
....<.l@.#..####
####.###.#.....#
#.......#
#.......#
#...$...#
#......##
#...#### ###
###....# #..
#....#.##


You could see a komodo dragon.

Vanquished Creatures
  A phantom (D:5)
  A necrophage (D:5)
  An ogre (D:4)
  A giant frog (D:6)
  A howler monkey (D:4)
  A crimson imp (D:4)
  A jelly (D:6)
  2 orc priests (D:3)
  An iguana (D:4)
  4 worker ants
  7 adders
  5 oozes
  2 adder skeletons (D:4)
  A worm (D:3)
  3 dart slugs
  6 giant geckos
  11 orcs
  6 bats
  3 giant cockroaches
  7 goblins
  6 hobgoblins
  7 jackals
  2 ball pythons
  3 giant newts
  A goblin skeleton (D:4)
  A goblin zombie (D:4)
  7 kobolds
  2 kobold skeletons (D:4)
  3 kobold zombies (D:4)
  An orc skeleton (D:4)
  2 orc zombies (D:4)
  6 rats
106 creatures vanquished.

Vanquished Creatures (others)
  A plant (D:3)
1 creature vanquished.

Grand Total: 107 creatures vanquished

Notes
Turn   | Place    | Note
--------------------------------------------------------------
     0 | D:1      | theaverageperson the Draconian Berserker began the quest for the Orb.
     0 | D:1      | Reached XP level 1. HP: 19/19 MP: 1/1
   177 | D:1      | Reached XP level 2. HP: 17/26 MP: 2/2
   632 | D:1      | Reached XP level 3. HP: 24/31 MP: 3/3
   700 | D:1      | Reached ** piety under Trog
   839 | D:2      | Reached skill level 4 in Polearms
   941 | D:2      | Reached XP level 4. HP: 38/38 MP: 4/4
  1021 | D:2      | Found an oddly glowing altar of Pakellas.
  1646 | D:3      | Reached XP level 5. HP: 31/46 MP: 5/5
  1936 | D:3      | Reached *** piety under Trog
  2242 | D:3      | Found an ancient bone altar of Kikubaaqudgha.
  2247 | D:3      | Found an iron altar of Okawaru.
  2248 | D:3      | Found a deep blue altar of Sif Muna.
  2248 | D:3      | Found a bloodstained altar of Trog.
  2253 | D:3      | Found a glowing golden altar of the Shining One.
  2537 | D:4      | Found a shimmering altar of Xom.
  2878 | D:4      | Reached XP level 6. HP: 47/52 MP: 6/6
  2973 | D:4      | Found a glowing golden altar of the Shining One.
  3018 | D:4      | Reached skill level 5 in Polearms
  3045 | D:4      | Reached skill level 5 in Dodging
  3886 | D:5      | Entered Level 5 of the Dungeon
  4076 | D:5      | Reached skill level 1 in Stealth
  4076 | D:5      | Your scales start taking on an icy white colour.
  4076 | D:5      | Reached XP level 7. HP: 60/60 MP: 7/7
  4076 | D:5      | Gained mutation: Your flesh is cold resistant. [White Draconian growth]
  4376 | D:5      | Found a staircase to the Ecumenical Temple.
  4391 | Temple   | Entered the Ecumenical Temple
  4480 | D:6      | Found a radiant altar of Vehumet.
  4496 | D:6      | Reached skill level 6 in Polearms
  4581 | D:6      | Found a glowing silver altar of Zin.
  4669 | D:6      | Noticed a komodo dragon
  4682 | D:6      | Slain by a komodo dragon

Skill      XL: |  1  2  3  4  5  6  7 |
---------------+----------------------+-----
Dodging        | 3 4 5 |  5.6
Polearms       | 4 5 6 |  6.2
Fighting       | 4 |  4.9
Stealth        | 1 |  1.3

Action                   |  1- 3 |  4- 6 |  7- 9 || total
-------------------------+-------+-------+-------++-------
Melee: Spear             |   124 |   324 |    62 ||   510
       Tailslap          |    12 |    48 |    13 ||    73
Invok: Berserk           |       |     5 |     1 ||     6
 Abil: Breathe Frost     |       |       |     1 ||     1
  Use: Scroll            |       |     4 |       ||     4
 Stab: Sleeping          |       |     1 |       ||     1
  Eat: Meat ration       |       |     2 |       ||     2
       Bread ration      |       |     1 |     1 ||     2
       Fruit             |       |       |     2 ||     2
Armor: Skin              |    31 |    78 |    12 ||   121
Dodge: Dodged            |    68 |   194 |    35 ||   297
